 Dungeon Crawl Stone Soup version 0.30.0-10-gfe55d96785 (webtiles) character file.

Game seed: 3358549857678123806

113 fozzywoppz the Insei (level 4, -9/35 HPs)
             Began as a Demonspawn Monk on May 14, 2023.
             Killed by divine providence
             ... invoked by an orc priest
              (13 damage)
             ... on level 4 of the Dungeon.
             The game lasted 00:03:13 (2023 turns).

fozzywoppz the Insei (Demonspawn Monk)              Turns: 2023, Time: 00:03:14

Health: -9/35      AC:  6    Str: 12    XL:     4   Next: 65%
Magic:  4/4        EV: 11    Int: 11    God:
Gold:   266        SH:  0    Dex: 17    Spells: 3/3 levels left

rFire   . .          .
                       - Unarmed
rCold   . . .        c - orb {light}
rNeg    . . .        b - +0 ring mail
rPois   .            d - +0 helmet
rElec   .            (no cloak)
rCorr   .            (no gloves)
SInv    .            (no boots)
Will    .....        (no amulet)
Stlth   +            (no ring)
HPRegen 0.25/turn    (no ring)
MPRegen 0.09/turn

%: no passive effects
@: glowing
A: hooves 1, powered by pain 2
a: no special abilities


You were on level 4 of the Dungeon.
You visited 1 branch of the dungeon, and saw 4 of its levels.

You collected 266 gold pieces.

Inventory:

Missiles
 o - 3 boomerangs (quivered)
Armour
 b - a +0 ring mail (worn)
 c - an orb of light (worn)
 d - a +0 helmet (worn)
Scrolls
 e - a scroll of teleportation {unknown}
 g - 3 scrolls of identify {unknown}
 k - 2 scrolls of fog {unknown}
 m - a scroll of amnesia {unknown}
 n - a scroll of blinking {unknown}
Potions
 a - a potion of magic {unknown}
 f - a potion of heal wounds {unknown}
 h - 3 potions of curing {unknown}
 i - 3 potions of mutation {unknown}
 j - 2 potions of degeneration {unknown}
 l - 2 potions of brilliance {unknown}


   Skills:
 + Level 3.3 Fighting
 + Level 0.9 Armour
 + Level 3.1 Dodging
 + Level 0.3 Stealth
 + Level 4.2 Unarmed Combat


You had 3 spell levels left.
You didn't know any spells.
Your spell library contained the following spells:

 Spells                   Type           Power      Damage    Failure   Level
 Shock                    Conj/Air       0%         1d3       63%         1
 Sting                    Tmut/Pois      0%         1d3       63%         1
 Blink                    Tloc           0%         N/A       77%         2
 Ensorcelled Hibernation  Hex/Ice        0%         N/A       77%         2
 Poisonous Vapours        Pois/Air       0%         N/A       77%         2
 Spider Form              Tmut/Pois      0%         N/A       94%         3
 Swiftness                Air            0%         N/A       94%         3
 Vhi's Electric Charge    Tloc/Air       0%         N/A       94%         3
 Airstrike                Air            0%         2d(0-16)  100%        4
 Anguish                  Hex/Necr       0%         N/A       100%        4
 Cause Fear               Hex            0%         N/A       100%        4
 Manifold Assault         Tloc           0%         N/A       100%        4
 Olgreb's Toxic Radiance  Pois           0%         N/A       100%        4
 Arcjolt                  Conj/Air       0%         1d10      100%        5
 Enfeeble                 Hex            0%         N/A       100%        7
 Storm Form               Tmut/Air       0%         N/A       100%        7
 Maxwell's Capacitive Co  Air            0%         ∞         100%        8


Dungeon Overview and Level Annotations

Branches:
Dungeon (4/15)
 Temple: D:4-7

Altars:


Innate Abilities, Weirdness & Mutations

You have large cloven feet.
You sometimes gain power by taking damage.


Message History

There is a stone staircase leading down here.
You climb downwards.
There is a stone staircase leading up here.
The orc priest mumbles some strange prayers to Beogh against you.
Pain shoots through your body!
You are too injured to fight recklessly!
You hit the orc priest.
The orc priest is moderately wounded.
The orc priest barely misses you.
You barely miss the orc priest. Your kick misses the orc priest.
The orc priest is moderately wounded.
The orc priest hits you with a +0 flail.
* * * LOW HITPOINT WARNING * * *
You barely miss the orc priest. Your kick misses the orc priest.
The orc priest is moderately wounded.
The orc priest hits you but does no damage.
You barely miss the orc priest.
The orc priest is moderately wounded.
The orc priest hits you with a +0 flail.
* * * LOW HITPOINT WARNING * * *
You hit the orc priest but do no damage.
You kick the orc priest.
The orc priest is moderately wounded.
The orc priest hits you with a +0 flail.
* * * LOW HITPOINT WARNING * * *
You hit the orc priest.
You kick the orc priest, but do no damage.
The orc priest is moderately wounded.
The orc priest hits you but does no damage.
You hit the orc priest. You kick the orc priest.
The orc priest is almost dead.
The orc priest closely misses you.
You hit the orc priest but do no damage.
The orc priest is almost dead.
You hit the orc priest but do no damage.
You kick the orc priest, but do no damage.
The orc priest is almost dead.
The orc priest invokes the aid of Beogh against you.
Beogh smites you!
You die...

.# . #.. ..
.... .#.
#####.. $...
.....
.....###..#
.........o#
.........@###.#
#........<....#
#...###########
###


You could see an orc priest.

Vanquished Creatures
  A sleepcap (D:3)
  2 adders (D:2)
  A worm (D:3)
  6 bats
  2 endoplasms (D:3)
  5 giant cockroaches
  7 goblins
  10 hobgoblins
  2 jackals (D:3)
  4 kobolds
  2 quokkas
  6 ball pythons
  3 frilled lizards
  8 rats
59 creatures vanquished.

Notes
Turn   | Place    | Note
-------+----------+-------------------------------------------
     0 | D:1      | fozzywoppz the Demonspawn Monk began the quest for the Orb.
     0 | D:1      | Reached XP level 1. HP: 18/18 MP: 1/1
   352 | D:1      | Reached skill level 3 in Unarmed Combat
   418 | D:1      | Gained mutation: You sometimes gain a little power by
                  | taking damage. [demonic ancestry]
   418 | D:1      | Reached XP level 2. HP: 24/24 MP: 2/2
   515 | D:1      | You fall into a shaft and drop 1 floor!
   542 | D:2      | Found a faded altar of an unknown god.
  1156 | D:2      | Gained mutation: You have large cloven feet. [demonic
                  | ancestry]
  1156 | D:2      | Reached XP level 3. HP: 28/29 MP: 3/3
  1559 | D:3      | Gained mutation: You sometimes gain power by taking damage.
                  | [demonic ancestry]
  1559 | D:3      | Reached XP level 4. HP: 35/35 MP: 4/4
  1775 | D:3      | Reached skill level 4 in Unarmed Combat
  2023 | D:4      | Killed from afar by an orc priest

Illustrated notes

Levels and vault maps discovered:
D:1:      dpeg_arrival_signposts, layout_basic
D:2:      layout_rooms, ebering_ecumenical_altar_abandoned,
          reono_crystal_passage, minmay_tetromino_i4
D:3:      minmay_chambers_of_twos, layout_basic, minivault_11
D:4:      layout_loops_ring, mainiacjoe_overflow_alcove_1,
          nicolae_elyvilon_peaceful_grove, serial_aquarium,
          aquarium_bridge_island_small [aquarium_subvault_small_open,
          aquarium_subvault_bridge, aquarium_subvault_bridge,
          aquarium_subvault_window, aquarium_subvault_window],
          aquarium_bridge_long_joined [aquarium_subvault_balcony,
          aquarium_subvault_wall, aquarium_subvault_window,
          aquarium_subvault_wall, aquarium_subvault_bridge,
          aquarium_subvault_bridge], aquarium_window_1, aquarium_window_fake,
          aquarium_window_corridor_2, aquarium_view_2c, uniq_eustachio

Skill      XL: |  1  2  3  4 |
---------------+-------------+-----
Unarmed Combat | 3 4 |  4.2
Dodging        | 3 |  3.1
Fighting       | |  3.3
Armour         | |  0.9
Stealth        | |  0.3

Action                     |  1- 3 |  4- 6 || total
---------------------------+-------+-------++-------
  Melee: Unarmed           |   125 |    52 ||   177
         Kick              |    14 |    25 ||    39
    Use: Potion            |     1 |       ||     1
 Armour: Robe              |     4 |       ||     4
         Ring mail         |    49 |    16 ||    65
  Dodge: Dodged            |    85 |    20 ||   105
